 Dungeon Crawl Stone Soup version 0.27.0-1-g7a089689b8 (webtiles) character file.

Game seed: 15298018018001677841

3138 RubberyChicken the Thaumaturge (level 10, -7/67 HPs)
             Began as a Djinni Air Elementalist on July 31, 2021.
             Was an Initiate of Makhleb.
             Mangled by a wyvern (8 damage)
             ... while petrified by a basilisk
             ... on level 8 of the Dungeon.
             The game lasted 00:16:17 (10398 turns).

RubberyChicken the Thaumaturge (DjAE)              Turns: 10398, Time: 00:16:17

Health: -7/67      AC:  6    Str:  8    XL:     10   Next: 14%
Gold:   310        EV:  2    Int: 25    God:    Makhleb [......] SH:  0 Dex: 14

rFire    + + .     SeeInvis .   w - +2 short sword (vamp)
rCold    x . .     Faith    .   (no shield)
rNeg     + + +     Spirit   .   D - +0 troll leather armour
rPois    ∞         Reflect  +   (no helmet)
rElec    .         Harm     .   h - +0 cloak
rCorr    .         Rampage  .   (no gloves)
Will     +....                  (boots unavailable)
Stlth    ++........             f - amulet of reflection
HPRegen  1.21/turn              B - +6 ring of intelligence
MPRegen  0.00/turn              (no ring)

@: swift, petrified, flying, quick
A: sickness immunity, fire resistance 2, cold vulnerability 1, float, innate
caster, hp casting, extra vitality 1
a: Renounce Religion


You were on level 8 of the Dungeon.
You worshipped Makhleb.
Makhleb was noncommittal.
You visited 2 branches of the dungeon, and saw 9 of its levels.
You also visited: Sewer.

You collected 310 gold pieces.

Inventory:

Hand Weapons
 q - a +0 broad axe
 w - a +2 vampiric short sword (weapon)
 E - a +3 spear
Missiles
 b - 51 poisoned darts
 s - 186 stones
Armour
 h - a +0 cloak (worn)
 D - a +0 troll leather armour (worn)
Jewellery
 f - an amulet of reflection (around neck)
 B - a +6 ring of intelligence (left hand)
Wands
 d - a wand of flame (15)
 o - a wand of polymorph (7)
 r - a wand of acid (6)
 F - a wand of iceblast (4)
Scrolls
 a - 3 scrolls of enchant weapon
 c - 3 scrolls of teleportation {unknown}
 e - 2 scrolls of noise {unknown}
 g - 2 scrolls of fear
 k - 2 scrolls of holy word {unknown}
 p - 3 scrolls of vulnerability {unknown}
 x - a scroll of fog {unknown}
 y - a scroll of blinking {unknown}
Potions
 i - a potion of cancellation {unknown}
 j - 3 potions of curing
 l - a potion of invisibility
 m - a potion of haste {unknown}
 n - a potion of ambrosia {unknown}
 t - 4 potions of heal wounds {unknown}
 u - 2 potions of mutation
 v - a potion of brilliance {unknown}
 z - a potion of might {unknown}
 A - 2 potions of resistance
 C - a potion of flight {unknown}


   Skills:
 + Level 3.2 Fighting
 + Level 5.0 Armour
 - Level 5.0 Dodging
 - Level 2.2 Stealth
 + Level 8.9 Spellcasting


You had 7 spell levels left.
You knew the following spells:

 Your Spells              Type           Power      Damage    Failure   Level
a - Shock                 Conj/Air       100%       1d9       1%          1
b - Static Discharge      Conj/Air       54%        N/A       1%          2
c - Swiftness             Air            54%        N/A       1%          3
d - Airstrike             Air            27%        N/A       1%          4
e - Sandblast             Erth           100%       2d20      1%          1
f - Passwall              Tmut/Erth      45%        N/A       1%          2
g - Spider Form           Tmut/Pois      27%        N/A       1%          3
h - Call Canine Familiar  Summ           54%        N/A       1%          3
Your spell library was empty.

Dungeon Overview and Level Annotations

Branches:
Dungeon (8/15)             Temple (1/1) D:7           Sewer (visited)
   Lair: D:8-11

Altars:
Ashenzari
Dithmenos
Fedhas
Gozag
Hepliaklqana
Makhleb
Nemelex Xobeh
Okawaru
Qazlal
Ru
Uskayaw
Wu Jian
The Shining One

Shops:
D:6 (


Innate Abilities, Weirdness & Mutations

You are immune to sickness and miasma.
You are immune to poison.
Your flesh is very heat resistant. (rF++)
You are vulnerable to cold. (rC-)
You float through the air rather than walking.
You learn spells naturally, not from books.
Your magical power is your life essence.
You have superior vitality. (+4 HP)


Message History

The wyvern bites your warg.
Your warg bites the water moccasin.
The kobold throws a stone.
The stone hits your warg but does no damage.
The water moccasin bites your warg! The wyvern closely misses your warg.
Your warg misses the water moccasin. The water moccasin bites your warg.
The wyvern bites your warg.
Your warg dies!
Your warg's corpse disappears in a puff of smoke!
A kobold comes into view.
It is wielding a +0 short sword of freezing.
A kobold comes into view. It is wielding a +0 club.
The kobold shouts!
You hear a howl!
A water moccasin comes into view.
The wyvern barely misses you.
A wolf comes into view.
The wyvern bites you!
The kobold shouts!
The water moccasin hisses angrily.
You hear an angry hiss.
You hear a howl!
The wyvern bites you. The wyvern bites you!
The wyvern bites you but does no damage.
The water moccasin bites you but does no damage.
The wyvern bites you! x2; The water moccasin barely misses you.
The wyvern bites you! x2; The wyvern bites you.
A kobold brigand comes into view.
It is wielding a +0 dagger and quivering poisoned darts.
The water moccasin bites you! The wyvern bites you. The wyvern bites you! x2
* * * LOW HITPOINT WARNING * * *
The water moccasin bites you but does no damage.
The wyvern bites you!
* * * LOW HITPOINT WARNING * * *
The wyvern bites you.
* * * LOW HITPOINT WARNING * * *
The wyvern bites you but does no damage.
The water moccasin barely misses you. The wyvern bites you!
* * * LOW HITPOINT WARNING * * *
A kobold comes into view. It is wielding a +0 dagger.
The wyvern bites you.
The wyvern bites you but does no damage.
The water moccasin bites you. The wyvern bites you!
You die...

..K............
...............
...............
...............
.....Kh......".
..oKKKK......
#SllSK..... .
#@l...... P.
###.###....
...##...# .
........#
P.......####.#
.........<..#
#..........##
..###......# .#
###....#


You could see an orc warrior, 2 water moccasins, 3 wyverns, a wolf and 7
kobolds.

Vanquished Creatures
  Maggie (D:6)
  A shadow (D:7)
  A basilisk (D:8)
  A steam dragon (D:7)
  Menkaure (D:4)
  A water moccasin (D:7)
  Duvessa (D:5)
  2 orc warriors (D:7)
  An ice beast (D:6)
  A sky beast (D:7)
  An ogre (D:6)
  2 centaurs
  2 phantoms
  A kobold brigand (D:6)
  A bullfrog (D:7)
  A scorpion (D:3)
  2 water moccasin zombies
  Dowan (D:5)
  3 killer bees (D:7)
  3 wights (D:7)
  A howler monkey (D:6)
  A centaur zombie (D:5)
  3 jellies
  An orc priest (D:6)
  A hound (D:6)
  An iguana (D:5)
  7 orc wizards
  A killer bee zombie (D:6)
  A mummy (D:4)
  12 adders
  A river rat (D:4)
  A shadow imp (D:5)
  A white imp (D:6)
  2 ufetubi
  2 adder skeletons (D:4)
  3 worms
  4 dart slugs
  16 orcs
  4 bats (D:1)
  7 endoplasms
  4 giant cockroaches
  10 goblins
  8 hobgoblins
  10 jackals
  2 quokkas
  8 ball pythons
  9 frilled lizards
  2 hobgoblin zombies (D:4)
  10 kobolds
  2 orc zombies (D:4)
  5 rats
168 creatures vanquished.

Vanquished Creatures (collateral kills)
  An orc (D:7)
1 creature vanquished.

Vanquished Creatures (others)
  An orc (D:6)
  A kobold (D:6)
  2 fungi
  23 plants
27 creatures vanquished.

Grand Total: 196 creatures vanquished

Notes
Turn   | Place    | Note
-------+----------+-------------------------------------------
     0 | D:1      | RubberyChicken the Djinni Air Elementalist began the quest
                  | for the Orb.
     0 | D:1      | Reached XP level 1. HP: 15/15 MP: 0/0
   185 | D:1      | Found a faded altar of an unknown god.
   330 | D:1      | Reached XP level 2. HP: 16/21 MP: 0/0
  1120 | D:1      | Reached XP level 3. HP: 19/25 MP: 0/0
  1120 | D:1      | Learned a level 1 spell: Sandblast
  2157 | D:2      | Reached XP level 4. HP: 29/31 MP: 0/0
  2236 | D:2      | Reached skill level 3 in Spellcasting
  2796 | D:3      | Reached XP level 5. HP: 22/35 MP: 0/0
  2796 | D:3      | Learned a level 2 spell: Passwall
  3275 | D:3      | Reached skill level 4 in Spellcasting
  3430 | D:3      | Reached XP level 6. HP: 37/40 MP: 0/0
  3745 | D:3      | Found a hide-covered altar of Uskayaw.
  3748 | D:3      | Found a hazy altar of Hepliaklqana.
  3756 | D:3      | Found a sacrificial altar of Ru.
  4048 | D:4      | Found a glowing drain.
  4054 | Sewer    | Entered a sewer
  5112 | D:4      | Reached skill level 5 in Spellcasting
  5112 | D:4      | Reached XP level 7. HP: 22/45 MP: 0/0
  5112 | D:4      | Learned a level 3 spell: Spider Form
  5349 | D:4      | Noticed Menkaure
  6712 | D:5      | Entered Level 5 of the Dungeon
  6927 | D:5      | Noticed Dowan
  6943 | D:5      | Killed Dowan
  6959 | D:5      | Reached skill level 6 in Spellcasting
  7064 | D:5      | Noticed Duvessa
  7068 | D:5      | Killed Duvessa
  7069 | D:5      | Reached XP level 8. HP: 29/50 MP: 0/0
  7673 | D:5      | Found a stormy altar of Qazlal.
  7682 | D:5      | Found a broken altar of Ashenzari.
  8045 | D:4      | Killed Menkaure
  8103 | D:6      | Noticed Maggie
  8123 | D:6      | Reached skill level 7 in Spellcasting
  8317 | D:6      | Killed Maggie
  8318 | D:6      | Reached skill level 8 in Spellcasting
  8657 | D:6      | Reached XP level 9. HP: 38/55 MP: 0/0
  8657 | D:6      | Learned a level 3 spell: Call Canine Familiar
  8709 | D:6      | Reached skill level 1 in Armour
  9103 | D:6      | Found Tiot's Weapon Emporium.
  9421 | D:7      | Found a staircase to the Ecumenical Temple.
  9429 | Temple   | Entered the Ecumenical Temple
  9439 | Temple   | Became a worshipper of Makhleb the Destroyer
  9637 | D:7      | Reached skill level 5 in Dodging
  9967 | D:7      | Reached skill level 1 in Fighting
 10053 | D:7      | Reached XP level 10. HP: 53/65 MP: 0/0
 10390 | D:8      | Reached skill level 5 in Armour
 10398 | D:8      | HP: 1/67 [wyvern (8)]
 10398 | D:8      | Mangled by a wyvern

Illustrated notes

Levels and vault maps discovered:
D:1:      elethiomel_arrival_infinity_welcomes_careful_drivers, layout_basic,
          dreamdust_ecumenical_altar_grove, minmay_misc_feat_secret_circle
D:2:      layout_basic
D:3:      layout_basic, grunt_temple_overflow_diamond, serial_forest,
          infiniplex_forest_straight_4, infiniplex_forest_pool,
          infiniplex_forest_side_room, infiniplex_forest_corner_1,
          infiniplex_forest_end_3, infiniplex_forest_clump_double,
          infiniplex_forest_clump_double, minmay_misc_feat_pillars,
          minmay_divided_ellipse
D:4:      layout_basic, gup_sewer_entry_bubbles, minmay_mini_ossuary,
          uniq_menkaure
D:5:      layout_basic, mainiacjoe_overflow_swirl, minivault_1, uniq_duvessa
D:6:      layout_cave_pools, serial_shops, shop, solitary_fountain, uniq_maggie
D:7:      layout_gridville, minmay_temple_entry_grid
D:8:      layout_layer_cave, gammafunk_temple_overflow_statue,
          minmay_lair_entry_grove, serial_shops, nicolae_shop_crystal,
          nicolae_specific_store
Temple:   nicolae_temple_great_sept

Skill      XL: |  1  2  3  4  5  6  7  8  9 10 |
---------------+-------------------------------+-----
Stealth        | 2 |  2.2
Dodging        | 3 5 |  5.0
Spellcasting   | 3 4 5 6 8 |  8.9
Armour         | 4 5 |  5.0
Fighting       | 2 3 |  3.2

Action                   |  1- 3 |  4- 6 |  7- 9 | 10-12 || total
-------------------------+-------+-------+-------+-------++-------
Melee: Unarmed           |     3 |       |       |       ||     3
       Dagger            |       |    13 |       |       ||    13
 Cast: Shock             |    78 |   159 |    31 |       ||   268
       Airstrike         |       |     3 |    80 |    14 ||    97
       Sandblast         |       |       |    12 |       ||    12
       Passwall          |       |       |     3 |       ||     3
       Swiftness         |       |       |     3 |     1 ||     4
       Call Canine Famil |       |       |       |     3 ||     3
       Spider Form       |       |       |       |     1 ||     1
  Use: Scroll            |       |     4 |     6 |       ||    10
Armor: Robe              |     2 |     1 |       |       ||     3
       Leather armour    |       |     5 |     2 |       ||     7
       Steam dragon scal |       |       |     1 |       ||     1
       Troll leather arm |       |       |       |     6 ||     6
Dodge: Dodged            |     8 |    19 |    12 |     5 ||    44
Block: Other             |     4 |     7 |     7 |     1 ||    19
       Reflection        |       |       |     5 |     1 ||     6
